 Dungeon Crawl Stone Soup version 0.31.0-12-g77e489cdc1 (webtiles) character file.

Game seed: 10334199374355388528

948 monsoonserge the Slicer (level 7, -1/36 HPs)
             Began as a Spriggan Monk on Feb 15, 2024.
             Slain by a black bear (2 damage)
             ... on level 6 of the Dungeon.
             The game lasted 00:15:44 (4898 turns).

monsoonserge the Slicer (Spriggan Monk)             Turns: 4898, Time: 00:15:45

Health: -1/36      AC:  4    Str:  7    XL:     7   Next: 89%
Magic:  8/8        EV: 21    Int: 12    God:
Gold:   214        SH:  0    Dex: 19    Spells: 6/6 levels left

rFire   . . .        x - +2 dagger (venom)
rCold   + . .        (no shield)
rNeg    + . .        b - +0 robe
rPois   .            (helmet restricted)
rElec   .            q - +1 cloak {Will+}
rCorr   .            (gloves unavailable)
SInv    +            (boots unavailable)
Will    ++...        (no amulet)
Stlth   +++          n - ring of positive energy
HPRegen 0.26/turn    w - ring of protection from cold
MPRegen 0.11/turn

%: no passive effects
@: marked, very quick
A: very small, no large weapons, unfitting armour, see invisible, speed 3
a: no special abilities


You were on level 6 of the Dungeon.
You visited 1 branch of the dungeon, and saw 6 of its levels.

You collected 214 gold pieces.

Inventory:

Hand Weapons
 x - a +2 dagger of venom (weapon)
Missiles
 u - 8 poisoned darts (quivered)
 y - a boomerang
Armour
 b - a +0 robe (worn)
 d - an orb of light
 q - a +1 cloak of willpower (worn)
Jewellery
 n - a ring of positive energy (left hand)
 w - a ring of protection from cold (right hand)
Talismans
 f - a maw talisman
Wands
 h - a wand of light (7)
Scrolls
 a - a scroll of vulnerability {unknown}
 g - 2 scrolls of immolation
 j - 3 scrolls of enchant armour {unknown}
 l - 2 scrolls of teleportation {unknown}
 m - 2 scrolls of fear {unknown}
 o - 2 scrolls of revelation {unknown}
 r - a scroll of noise {unknown}
 v - a scroll of fog {unknown}
 A - a scroll of brand weapon {unknown}
Potions
 c - a potion of ambrosia
 e - 2 potions of curing {unknown}
 i - a potion of might {unknown}
 k - 2 potions of mutation
 p - a potion of degeneration {unknown}
 s - a potion of berserk rage {unknown}
 t - 2 potions of heal wounds {unknown}
 z - a potion of attraction {unknown}


   Skills:
 + Level 3.5 Fighting
 - Level 8.0 Short Blades
 + Level 0.8 Throwing
 + Level 6.5 Dodging
 - Level 5.0 Stealth


You had 6 spell levels left.
You didn't know any spells.
Your spell library contained the following spells:

 Spells                   Type           Power      Damage    Failure   Level
 Slow                     Hex            0%         N/A       32%         1
 Confusing Touch          Hex            0%         N/A       69%         3
 Sigil of Binding         Hex            0%         N/A       69%         3
 Vampiric Draining        Necr           0%         2d6       69%         3


Dungeon Overview and Level Annotations

Branches:
Dungeon (6/15)
 Temple: D:4-7

Altars:
Ashenzari
Elyvilon
Vehumet
Xom

Shops:
D:3 [

Annotations:
D:3 1 runed translucent door, misterblockey's ghost, amateur MiBe
D:6 Menkaure


Innate Abilities, Weirdness & Mutations

You are very small and have problems with some larger weapons.
You are too small for most types of armour.
You have supernaturally acute eyesight. (SInv)
You cover ground extremely quickly. (Speed+++)


Message History

The bolt of light hits the black bear!
The black bear is heavily wounded.
The black bear is blinded.
You feel sick.
You hear a shout!
The ufetubus barely misses you. The ufetubus misses you.
The black bear misses you. The black bear claws you. x2
* * * LOW HITPOINT WARNING * * *
You hit the black bear.
The black bear is poisoned.
The black bear is heavily wounded.
You feel sick. The ufetubus hits you.
* * * LOW HITPOINT WARNING * * *
The ufetubus closely misses you.
Menkaure, Prince of Dust comes into view.
The black bear barely misses you. The black bear misses you.
The black bear claws you but does no damage.
Okay, then.
You closely miss the black bear.
The black bear is heavily wounded.
You feel sick.
You are no longer poisoned.
The ufetubus misses you. The ufetubus hits you.
* * * LOW HITPOINT WARNING * * *
Unknown command.
You hit the black bear but do no damage.
The black bear is severely wounded.
The ufetubus hits you.
* * * LOW HITPOINT WARNING * * *
The ufetubus hits you but does no damage.
Menkaure calls on the powers of darkness!
The black bear convulses!
You feel a surge of unholy energy. The black bear misses you.
The black bear completely misses you. x2
You hit the black bear but do no damage.
The black bear looks as sick as possible!
The black bear is almost dead.
The ufetubus completely misses you. x2
You barely miss the black bear.
The black bear is almost dead.
The ufetubus misses you. x2; The black bear barely misses you.
The black bear claws you.
You die...

... ..#####
M..... ##
###....#
...#......+
..........#
.......5..#
......h@#
.......##
.......
.......
##.#..# #
#.. #.. #..


You could see a black bear (blind, unable to see you, extremely poisoned),
Menkaure and an ufetubus.

Vanquished Creatures
  Sigmund (D:2)
  An ice beast (D:5)
  A phantom (D:4)
  2 scorpions (D:5)
  A howler monkey (D:4)
  Crazy Yiuf (D:2)
  2 hounds (D:5)
  An orc priest (D:5)
  A sleepcap (D:4)
  2 iguanas
  3 orc wizards (D:4)
  Ijyb (D:3)
  6 adders
  4 gnolls (D:4)
  A dart slug (D:2)
  3 ribbon worms
  8 orcs
  4 bats
  8 endoplasms
  5 giant cockroaches
  4 goblins
  4 hobgoblins
  4 jackals (D:1)
  5 kobolds
  2 quokkas
  8 ball pythons
  4 frilled lizards
  4 rats
91 creatures vanquished.

Vanquished Creatures (others)
  A quokka (D:3)
1 creature vanquished.

Grand Total: 92 creatures vanquished

Notes
Turn   | Place    | Note
-------+----------+-------------------------------------------
     0 | D:1      | monsoonserge the Spriggan Monk began the quest for the Orb.
     0 | D:1      | Reached XP level 1. HP: 11/11 MP: 2/2
   148 | D:1      | Reached XP level 2. HP: 10/16 MP: 3/3
   731 | D:1      | Reached skill level 4 in Short Blades
  1141 | D:2      | Reached XP level 3. HP: 10/19 MP: 4/4
  1458 | D:2      | Noticed Sigmund
  1463 | D:2      | Killed Sigmund
  1464 | D:2      | Reached skill level 5 in Short Blades
  1464 | D:2      | Reached skill level 5 in Dodging
  1464 | D:2      | Reached XP level 4. HP: 23/23 MP: 5/5
  1464 | D:2      | Reached XP level 5. HP: 28/28 MP: 6/6
  1594 | D:2      | Found a runed translucent door.
  1595 | D:2      | Noticed Crazy Yiuf
  1767 | D:3      | Found Puakalaz's Armour Shoppe.
  1786 | D:3      | Noticed Ijyb
  2002 | D:3      | Found a shimmering altar of Xom.
  2002 | D:3      | Found a white marble altar of Elyvilon.
  2005 | D:3      | Found a broken altar of Ashenzari.
  2534 | D:3      | Reached XP level 6. HP: 32/32 MP: 7/7
  2538 | D:3      | Found a runed translucent door.
  2539 | D:3      | Noticed misterblockey's ghost (amateur MiBe)
  2591 | D:3      | Killed Ijyb
  2592 | D:3      | Reached skill level 6 in Short Blades
  2779 | D:3      | Found a radiant altar of Vehumet.
  3070 | D:2      | Killed Crazy Yiuf
  4025 | D:4      | Reached XP level 7. HP: 25/36 MP: 8/8
  4207 | D:5      | Entered Level 5 of the Dungeon
  4533 | D:4      | Reached skill level 7 in Short Blades
  4891 | D:5      | Reached skill level 8 in Short Blades
  4891 | D:5      | Reached skill level 5 in Stealth
  4894 | D:6      | Noticed Menkaure
  4896 | D:6      | HP: 1/36 [ufetubus (1)]
  4898 | D:6      | Slain by a black bear

Illustrated notes

Levels and vault maps discovered:
D:1:      dpeg_arrival_pits, layout_basic, serial_rivers,
          chequers_serial_rivers_large_a, chequers_serial_rivers_micro_e,
          chequers_serial_rivers_small_3, chequers_serial_rivers_micro_c,
          chequers_serial_rivers_large_b, chequers_serial_rivers_room_a
D:2:      layout_basic, uniq_crazy_yiuf_cottage, uniq_sigmund
D:3:      layout_basic, nicolae_overflow_hidden_temple, marbit_many_paths,
          serial_shops, shop, ebering_ghost_sewer_d, uniq_ijyb
D:4:      layout_cave_pods, serial_forest, infiniplex_forest_lined_4_way,
          infiniplex_forest_clump_curved, infiniplex_forest_straight_4,
          infiniplex_forest_straight_2, infiniplex_forest_lined_3,
          minmay_statues_item
D:5:      layout_rooms
D:6:      layout_basic, amcnicky_altar_gilded, amethyst_overflow_temple_binary,
          uniq_menkaure

Skill      XL: |  1  2  3  4  5  6  7 |
---------------+----------------------+-----
Short Blades   | 4 5 6 8 |  8.0
Dodging        | 5 6 |  6.5
Stealth        | 2 3 5 |  5.0
Fighting       | 3 |  3.5
Throwing       | |  0.8

Action                     |  1- 3 |  4- 6 |  7- 9 || total
---------------------------+-------+-------+-------++-------
  Melee: Short sword       |   125 |   242 |    66 ||   433
         Punch             |     3 |     5 |     2 ||    10
         Dagger            |       |       |    40 ||    40
  Throw: Dart              |       |       |     5 ||     5
  Evoke: Wand              |       |     1 |     1 ||     2
    Use: Scroll            |       |     3 |       ||     3
         Potion            |       |     1 |       ||     1
   Stab: Sleeping          |     4 |    10 |     1 ||    15
         Invisible         |       |     2 |       ||     2
 Armour: Robe              |    25 |    51 |    32 ||   108
  Dodge: Dodged            |    80 |   145 |   101 ||   326
